| TOP OF THE 1ST |
|
Rome Braves batting - Pitching for Brooklyn Cyclones : RHP Antonio Reyes
|
|
Pitching: RHP Antonio Reyes
|
|
|
Batting: RHB George Provance
|
0-0: Ball 1-0: Ball 2-0: Swinging Strike 2-1: Ball 3-1: Base on Balls
|
|
Batting: SHB Jose Melendez
|
0-0: Ball George Provance steals 2nd, throwing error, E2 George Provance to third 1-0: Ball 2-0: Called Strike 2-1: Fly out, F9 (Flyball, 9D, EV 102.5 MPH) Runner from 3rd tags up, SCORES, no throw by RF
|
|
Batting: LHB Javier Rubio
|
0-0: Ball 1-0: Foul Ball, location: 2F 1-1: Ball 2-1: Foul Ball, location: 2F 2-2: Ball 3-2: Base on Balls
|
|
Batting: LHB Ryan Murdock
|
0-0: Ball 1-0: Ball 2-0: Swinging Strike 2-1: Foul Ball, location: 2F 2-2: Ball Javier Rubio is caught stealing 2nd base 2-6 3-2: Strikes out swinging
|
| Top of the 1st over - 1 run, 0 hits, 1 error, 0 left on base; Rome 1 - Brooklyn 0 |
| BOTTOM OF THE 1ST |
|
Brooklyn Cyclones batting - Pitching for Rome Braves : RHP Manny Rolfe
|
|
Pitching: RHP Manny Rolfe
|
|
|
Batting: SHB Tyler Maddux
|
0-0: Ball 1-0: Ground out 4-3 (Groundball, 4, EV 83.8 MPH)
|
|
Batting: SHB Nick Daigle
|
0-0: SINGLE (Groundball, 6MD, EV 105.6 MPH)
|
|
Batting: RHB Mike Mathews
|
0-0: Ground out 4-3 (Groundball, 34, EV 101.9 MPH) Nick Daigle to second
|
|
Batting: LHB Miguel Ramos
|
0-0: Called Strike 0-1: Foul Ball, location: 2F 0-2: Ground out 4-3 (Groundball, 34, EV 102.5 MPH)
|
| Bottom of the 1st over - 0 runs, 1 hit, 0 errors, 1 left on base; Rome 1 - Brooklyn 0 |
| TOP OF THE 2ND |
|
Rome Braves batting - Pitching for Brooklyn Cyclones : RHP Antonio Reyes
|
|
Batting: RHB Tim Molchan
|
0-0: Ball 1-0: Reached on error, E6 (Groundball, 6, EV 90.0 MPH)
|
|
Batting: RHB Adonis Jenifer
|
0-0: Foul Ball, location: 2F 0-1: Ball 1-1: Ball 2-1: Ball 3-1: Foul Ball, location: 2F 3-2: Base on Balls Tim Molchan to second
|
|
Batting: RHB Adrian Billups
|
0-0: Ball 1-0: Ball 2-0: Ball 3-0: Base on Balls Tim Molchan to third Adonis Jenifer to second
|
|
Batting: LHB Malik Boulay
|
0-0: Fielders Choice at 2nd, 5-4 (Groundball, 56, EV 83.1 MPH) Tim Molchan scores Adonis Jenifer to third
|
|
Batting: RHB Phil Holman
|
0-0: Ball 1-0: Swinging Strike 1-1: SINGLE (Flyball, 5D, EV 93.1 MPH) Adonis Jenifer scores Malik Boulay to second
|
|
Batting: RHB George Provance
|
0-0: Ball 1-0: Swinging Strike 1-1: Ball 2-1: SINGLE (Flyball, 8LS, EV 96.2 MPH) Malik Boulay to third Phil Holman to second
|
|
Batting: SHB Jose Melendez
|
0-0: Ball 1-0: Ball Wild Pitch! Malik Boulay scores Phil Holman to third George Provance to second 2-0: Ball 3-0: Called Strike 3-1: Called Strike 3-2: Single, Error in OF, E8, batter to second base (Line Drive, 8LS, EV 105.6 MPH) Phil Holman scores George Provance scores
|
|
Pitching: RHP Rob Fennell
|
|
|
Batting: LHB Javier Rubio
|
0-0: Called Strike 0-1: Ball 1-1: Foul Ball, location: 2F 1-2: Ball 2-2: Fly out, F3 (Popup, 3SF, EV 69.4 MPH)
|
|
Batting: LHB Ryan Murdock
|
0-0: Ball 1-0: Ball 2-0: Ball 3-0: Base on Balls
|
|
Batting: RHB Tim Molchan
|
0-0: Ball 1-0: Foul Ball, location: 2F 1-1: Ball 2-1: Foul Ball, location: 2F 2-2: Fly out, F2 (Popup, 23F, EV 93.1 MPH)
|
| Top of the 2nd over - 5 runs, 3 hits, 2 errors, 2 left on base; Rome 6 - Brooklyn 0 |
| BOTTOM OF THE 2ND |
|
Brooklyn Cyclones batting - Pitching for Rome Braves : RHP Manny Rolfe
|
|
Batting: RHB Darwin Mills
|
0-0: Ball 1-0: Ground out 6-3 (Groundball, 6S, EV 86.2 MPH)
|
|
Batting: RHB Warren Carmichael
|
0-0: Ball 1-0: Called Strike 1-1: Ball 2-1: Foul Ball, location: 2F 2-2: Ball 3-2: Strikes out swinging
|
|
Batting: SHB Harrison Feist
|
0-0: Foul Ball, location: 2F 0-1: Ball 1-1: Ball 2-1: Foul Ball, location: 2F 2-2: SINGLE (Groundball, 4MD, EV 101.9 MPH)
|
|
Batting: RHB Andy Carrell
|
0-0: Called Strike 0-1: Ball 1-1: Fielders Choice at 2nd, 6-4 (Groundball, 56D, EV 82.5 MPH)
|
| Bottom of the 2nd over - 0 runs, 1 hit, 0 errors, 1 left on base; Rome 6 - Brooklyn 0 |
| TOP OF THE 3RD |
|
Rome Braves batting - Pitching for Brooklyn Cyclones : RHP Rob Fennell
|
|
Batting: RHB Adonis Jenifer
|
0-0: Ball 1-0: Called Strike 1-1: Ball 2-1: Ball 3-1: Foul Ball, location: 2F 3-2: SINGLE (Groundball, 6MD, EV 105.6 MPH)
|
|
Batting: RHB Adrian Billups
|
0-0: Ball 1-0: Ball 2-0: Called Strike 2-1: Foul Ball, location: 2F 2-2: Fly out, F8 (Flyball, 8LD, EV 103.8 MPH)
|
|
Pitching: RHP Marvin Merino
|
|
|
Batting: LHB Malik Boulay
|
0-0: Called Strike 0-1: Called Strike 0-2: Ball 1-2: Ball 2-2: Fly out, F9 (Flyball, 9D, EV 108.1 MPH)
|
|
Batting: RHB Phil Holman
|
0-0: Ball 1-0: Swinging Strike 1-1: Foul Ball, location: 2F 1-2: Strikes out looking
|
| Top of the 3rd over - 0 runs, 1 hit, 0 errors, 1 left on base; Rome 6 - Brooklyn 0 |
| BOTTOM OF THE 3RD |
|
Brooklyn Cyclones batting - Pitching for Rome Braves : RHP Manny Rolfe
|
|
Batting: RHB Barney Pederson
|
0-0: Ball 1-0: Ball 2-0: Ball 3-0: Called Strike 3-1: Ground out 6-3 (Groundball, 56, EV 103.1 MPH)
|
|
Batting: SHB Tyler Maddux
|
0-0: Ball 1-0: Foul Ball, location: 2F 1-1: Swinging Strike 1-2: Ball 2-2: Strikes out looking
|
|
Batting: SHB Nick Daigle
|
0-0: Ball 1-0: Foul Ball, location: 2F 1-1: Ground out 5-3 (Groundball, 56, EV 107.5 MPH)
|
| Bottom of the 3rd over - 0 runs, 0 hits, 0 errors, 0 left on base; Rome 6 - Brooklyn 0 |
| TOP OF THE 4TH |
|
Rome Braves batting - Pitching for Brooklyn Cyclones : RHP Marvin Merino
|
|
Batting: RHB George Provance
|
0-0: Ball 1-0: Ball 2-0: Ball 3-0: Called Strike 3-1: Base on Balls
|
|
Batting: SHB Jose Melendez
|
0-0: Called Strike 0-1: Ball 1-1: Ball 2-1: Ball 3-1: Foul Ball, location: 2F 3-2: Base on Balls George Provance to second
|
|
Pitching: LHP Tony Diaz
|
|
|
Batting: LHB Javier Rubio
|
0-0: Ball 1-0: Ball 2-0: Called Strike 2-1: Ball 3-1: Swinging Strike 3-2: Fly out, F7 (Flyball, 78S, EV 87.5 MPH)
|
|
Batting: LHB Ryan Murdock
|
0-0: Ball 1-0: Fly out, F7 (Flyball, 7, EV 91.2 MPH)
|
|
Batting: RHB Tim Molchan
|
0-0: Called Strike Jose Melendez steals 2nd base George Provance steals 3rd base 0-1: Called Strike 0-2: Ball 1-2: Ball 2-2: Strikes out swinging
|
| Top of the 4th over - 0 runs, 0 hits, 0 errors, 2 left on base; Rome 6 - Brooklyn 0 |
| BOTTOM OF THE 4TH |
|
Brooklyn Cyclones batting - Pitching for Rome Braves : RHP Manny Rolfe
|
|
Batting: RHB Mike Mathews
|
0-0: Called Strike 0-1: Ball 1-1: Ground out 6-3 (Groundball, 6, EV 108.8 MPH)
|
|
Batting: LHB Miguel Ramos
|
0-0: Ball 1-0: Ball 2-0: Ball 3-0: Base on Balls
|
|
Batting: RHB Darwin Mills
|
0-0: Foul Ball, location: 2F 0-1: Foul Ball, location: 2F 0-2: Ball 1-2: Ball 2-2: Foul Ball, location: 2F 2-2: Strikes out swinging
|
|
Batting: RHB Warren Carmichael
|
0-0: Ball 1-0: Ball 2-0: Swinging Strike 2-1: Foul Ball, location: 2F 2-2: Strikes out swinging
|
| Bottom of the 4th over - 0 runs, 0 hits, 0 errors, 1 left on base; Rome 6 - Brooklyn 0 |
| TOP OF THE 5TH |
|
Rome Braves batting - Pitching for Brooklyn Cyclones : LHP Tony Diaz
|
|
Batting: RHB Adonis Jenifer
|
0-0: Fly out, F6 (Popup, 56, EV 60.6 MPH)
|
|
Batting: RHB Adrian Billups
|
0-0: Called Strike 0-1: Ball 1-1: Ball 2-1: Called Strike 2-2: Ball 3-2: Base on Balls
|
|
Pitching: RHP Tyler Lybrand
|
|
|
Batting: LHB Malik Boulay
|
0-0: Ball 1-0: Swinging Strike 1-1: Ball 2-1: Ball 3-1: Ground out 5-3 (Groundball, 56S, EV 70.6 MPH) Adrian Billups to second
|
|
Batting: RHB Phil Holman
|
0-0: Called Strike 0-1: Fly out, F3 (Popup, 34S, EV 79.4 MPH)
|
| Top of the 5th over - 0 runs, 0 hits, 0 errors, 1 left on base; Rome 6 - Brooklyn 0 |
| BOTTOM OF THE 5TH |
|
Brooklyn Cyclones batting - Pitching for Rome Braves : RHP Manny Rolfe
|
|
Batting: SHB Harrison Feist
|
0-0: Ball 1-0: Called Strike 1-1: Foul Ball, location: 2F 1-2: Foul Ball, location: 2F 1-2: Foul Ball, location: 2F 1-2: Strikes out looking
|
|
Batting: RHB Andy Carrell
|
0-0: Swinging Strike 0-1: Ball 1-1: Ball 2-1: Foul Ball, location: 2F 2-2: Ball 3-2: Fly out, F8 (Flyball, 8RD, EV 87.5 MPH)
|
|
Batting: RHB Barney Pederson
|
0-0: SINGLE (Groundball, 3D, EV 94.4 MPH)
|
|
Batting: SHB Tyler Maddux
|
0-0: Ground out 4-3 (Groundball, 4, EV 87.5 MPH)
|
| Bottom of the 5th over - 0 runs, 1 hit, 0 errors, 1 left on base; Rome 6 - Brooklyn 0 |
| TOP OF THE 6TH |
|
Rome Braves batting - Pitching for Brooklyn Cyclones : RHP Tyler Lybrand
|
|
Batting: RHB George Provance
|
0-0: Called Strike 0-1: Foul Ball, location: 2F 0-2: Strikes out looking
|
|
Batting: SHB Jose Melendez
|
0-0: Swinging Strike 0-1: Foul Ball, location: 2F 0-2: Foul Ball, location: 2F 0-2: Strikes out swinging
|
|
Batting: LHB Javier Rubio
|
0-0: Ball 1-0: Foul Ball, location: 2F 1-1: SINGLE (Groundball, P, EV 80.6 MPH) (infield hit)
|
|
Batting: LHB Ryan Murdock
|
0-0: Foul Ball, location: 2F 0-1: Foul Ball, location: 2F 0-2: Strikes out swinging
|
| Top of the 6th over - 0 runs, 1 hit, 0 errors, 1 left on base; Rome 6 - Brooklyn 0 |
| BOTTOM OF THE 6TH |
|
Brooklyn Cyclones batting - Pitching for Rome Braves : RHP Manny Rolfe
|
|
Batting: SHB Nick Daigle
|
0-0: Called Strike 0-1: Foul Ball, location: 2F 0-2: SINGLE (Groundball, 4, EV 106.2 MPH)
|
|
Batting: RHB Mike Mathews
|
0-0: Called Strike Nick Daigle steals 2nd base Balk! Nick Daigle to third 0-1: DOUBLE (Line Drive, 89D, EV 113.1 MPH) Nick Daigle scores
|
|
Batting: LHB Miguel Ramos
|
0-0: Ball 1-0: Ball 2-0: Ball 3-0: Called Strike 3-1: Foul Ball, location: 2F 3-2: Foul Ball, location: 2F 3-2: DOUBLE (Line Drive, 7LD, EV 98.1 MPH) Mike Mathews scores
|
|
Batting: RHB Darwin Mills
|
0-0: Called Strike 0-1: Ball 1-1: Ground out 6-3 (Groundball, 6, EV 78.8 MPH)
|
|
Batting: RHB Warren Carmichael
|
0-0: Ball 1-0: Ground out 6-3 (Groundball, 6, EV 101.9 MPH)
|
|
Batting: SHB Harrison Feist
|
0-0: SINGLE (Groundball, 4D, EV 98.1 MPH) Miguel Ramos to third
|
|
Batting: RHB Andy Carrell
|
0-0: Ball 1-0: Fielders Choice at 2nd, 5-4 (Groundball, 56, EV 88.1 MPH)
|
| Bottom of the 6th over - 2 runs, 4 hits, 0 errors, 2 left on base; Rome 6 - Brooklyn 2 |
| TOP OF THE 7TH |
|
Rome Braves batting - Pitching for Brooklyn Cyclones : RHP Tyler Lybrand
|
|
Pitching: RHP Brad Brown
|
|
|
Batting: RHB Tim Molchan
|
0-0: Swinging Strike 0-1: Ball 1-1: SINGLE (Groundball, 4D, EV 97.5 MPH)
|
|
Batting: RHB Adonis Jenifer
|
0-0: Ball 1-0: Foul Ball, location: 2F 1-1: Ball 2-1: Fly out, F4 (Flyball, 34D, EV 94.4 MPH)
|
|
Batting: RHB Adrian Billups
|
0-0: Called Strike 0-1: Foul Ball, location: 2F 0-2: Strikes out swinging
|
|
Batting: LHB Malik Boulay
|
0-0: Ball 1-0: Reached on error, E6 (Groundball, 6, EV 84.4 MPH) Tim Molchan to second
|
|
Batting: RHB Phil Holman
|
0-0: Ball 1-0: Ball 2-0: Called Strike 2-1: Foul Ball, location: 2F 2-2: Ball 3-2: Base on Balls Tim Molchan to third Malik Boulay to second
|
|
Pitching: RHP Adrian Colorado
|
|
|
Batting: RHB George Provance
|
0-0: Ball 1-0: Ball 2-0: Fielders Choice at 2nd, 5-4 (Groundball, 56, EV 79.4 MPH)
|
| Top of the 7th over - 0 runs, 1 hit, 1 error, 3 left on base; Rome 6 - Brooklyn 2 |
| BOTTOM OF THE 7TH |
|
Brooklyn Cyclones batting - Pitching for Rome Braves : RHP Manny Rolfe
|
|
Batting: RHB Barney Pederson
|
0-0: Foul Ball, location: 2F 0-1: Called Strike 0-2: Ball 1-2: Ball 2-2: Ball 3-2: Strikes out swinging
|
|
Batting: SHB Tyler Maddux
|
0-0: Ball 1-0: Called Strike 1-1: Called Strike 1-2: Ball 2-2: Strikes out swinging
|
|
Batting: SHB Nick Daigle
|
0-0: Swinging Strike 0-1: Ball 1-1: Ball 2-1: Ball 3-1: Base on Balls
|
|
Pitching: LHP Justin Hawk
|
|
|
Batting: RHB Mike Mathews
|
0-0: Ball Nick Daigle steals 2nd base 1-0: Ground out 6-3 (Groundball, 6, EV 91.2 MPH)
|
| Bottom of the 7th over - 0 runs, 0 hits, 0 errors, 1 left on base; Rome 6 - Brooklyn 2 |
| TOP OF THE 8TH |
|
Rome Braves batting - Pitching for Brooklyn Cyclones : RHP Adrian Colorado
|
|
Batting: SHB Jose Melendez
|
0-0: Called Strike 0-1: Ball 1-1: Ball 2-1: Swinging Strike 2-2: Foul Ball, location: 2F 2-2: Ball 3-2: Fly out, F8 (Flyball, 78M, EV 87.5 MPH)
|
|
Batting: LHB Javier Rubio
|
0-0: Ball 1-0: Called Strike 1-1: Ball 2-1: Ball 3-1: Foul Ball, location: 2F 3-2: Base on Balls
|
|
Batting: LHB Ryan Murdock
|
0-0: Called Strike 0-1: Ball Javier Rubio steals 2nd base 1-1: Fly out, F8 (Flyball, 8LXD, EV 91.9 MPH) Runner from 2nd tags up, SAFE at 3rd, no throw by CF
|
|
Pitching: RHP Ryan Stegall
|
|
|
Batting: RHB Tim Molchan
|
0-0: Swinging Strike 0-1: Swinging Strike 0-2: DOUBLE (Flyball, 89D, EV 99.4 MPH) Javier Rubio scores
|
|
Batting: RHB Adonis Jenifer
|
0-0: Foul Ball, location: 2F 0-1: Ball 1-1: Fly out, F7 (Flyball, 7LMF, EV 91.9 MPH)
|
| Top of the 8th over - 1 run, 1 hit, 0 errors, 1 left on base; Rome 7 - Brooklyn 2 |
| BOTTOM OF THE 8TH |
|
Brooklyn Cyclones batting - Pitching for Rome Braves : LHP Justin Hawk
|
|
Batting: LHB Miguel Ramos
|
0-0: Swinging Strike 0-1: Foul Ball, location: 2F 0-2: Strikes out swinging
|
|
Batting: RHB Darwin Mills
|
0-0: Ball 1-0: Ball 2-0: Foul Ball, location: 2F 2-1: Foul Ball, location: 2F 2-2: Ball 3-2: Strikes out swinging
|
|
Batting: RHB Warren Carmichael
|
0-0: SINGLE (Line Drive, 6M, EV 103.8 MPH)
|
|
Batting: SHB Harrison Feist
|
0-0: Called Strike 0-1: SINGLE (Line Drive, 56, EV 93.8 MPH) Warren Carmichael to second
|
|
Batting: RHB Andy Carrell
|
0-0: Ball 1-0: Ball 2-0: Called Strike 2-1: Called Strike 2-2: Ball 3-2: Foul Ball, location: 2F 3-2: Strikes out swinging
|
| Bottom of the 8th over - 0 runs, 2 hits, 0 errors, 2 left on base; Rome 7 - Brooklyn 2 |
| TOP OF THE 9TH |
|
Rome Braves batting - Pitching for Brooklyn Cyclones : RHP Ryan Stegall
|
|
Batting: RHB Adrian Billups
|
0-0: Swinging Strike 0-1: Ball 1-1: Ball 2-1: Ball 3-1: Foul Ball, location: 2F 3-2: SINGLE (Groundball, 5S, EV 63.1 MPH) (infield hit)
|
|
Batting: LHB Malik Boulay
|
0-0: Called Strike 0-1: Ball Adrian Billups steals 2nd base 1-1: Called Strike 1-2: Ball 2-2: Ball 3-2: SINGLE (Groundball, 4MD, EV 86.2 MPH) (infield hit) Adrian Billups to third
|
|
Pitching: RHP Danny Helm
|
|
|
Batting: RHB Phil Holman
|
Pickoff Throw to First - Out! 1-3 0-0: Ground out 5-3 (Groundball, 56S, EV 81.2 MPH) Adrian Billups scores
|
|
Batting: RHB George Provance
|
0-0: SINGLE (Groundball, 6MD, EV 106.9 MPH)
|
|
Batting: SHB Jose Melendez
|
0-0: Ball 1-0: Ball 2-0: Foul Ball, location: 2F 2-1: Foul Ball, location: 2F 2-2: Foul Ball, location: 2F 2-2: Strikes out swinging
|
| Top of the 9th over - 1 run, 3 hits, 0 errors, 1 left on base; Rome 8 - Brooklyn 2 |
| BOTTOM OF THE 9TH |
|
Brooklyn Cyclones batting - Pitching for Rome Braves : LHP Justin Hawk
|
|
Batting: RHB Barney Pederson
|
0-0: Called Strike 0-1: Ball 1-1: Swinging Strike 1-2: Strikes out swinging
|
|
Batting: SHB Tyler Maddux
|
0-0: Called Strike 0-1: Called Strike 0-2: Strikes out swinging, 2-3 out at first.
|
|
Batting: SHB Nick Daigle
|
0-0: Ball 1-0: Foul Ball, location: 2F 1-1: Ground out 6-3 (Groundball, 6, EV 79.4 MPH)
|
| Bottom of the 9th over - 0 runs, 0 hits, 0 errors, 0 left on base; Rome 8 - Brooklyn 2 |
|